 Dungeon Crawl Stone Soup version 0.32-a0-361-g289a535e89 (webtiles) character file.

Game seed: 4145746009212805376

690 n00bmints the Cudgeller (level 7, -1/61 HPs)
             Began as a Minotaur Berserker on Feb 19, 2024.
             Was a Believer of Trog.
             Killed from afar by Maggie (25 damage)
             ... with a bolt of fire
             ... on level 6 of the Dungeon.
             The game lasted 00:09:28 (3544 turns).

n00bmints the Cudgeller (Minotaur Berserker)        Turns: 3544, Time: 00:09:30

Health: -1/61      AC: 11    Str: 23    XL:     7   Next: 36%
Magic:  6/6        EV: 11    Int:  4    God:    Trog [**....]
Gold:   252        SH:  9    Dex: 10    Spells: 6/6 levels left

rFire   . . .        v - +0 morningstar
rCold   . . .        x - +0 buckler
rNeg    . . .        u - +0 scale mail
rPois   .            (helmet restricted)
rElec   .            s - +2 cloak
rCorr   .            (no gloves)
SInv    .            q - +0 pair of boots
Will    ++...        k - amulet of reflection Stlth
                     (no ring)
HPRegen 1.30/turn    (no ring)
MPRegen 0.10/turn

%: reflection
@: strong-willed, mesmerised, regenerating
A: horns 2, retaliatory headbutt
a: Renounce Religion, Berserk, Trog's Hand


You were on level 6 of the Dungeon.
You worshipped Trog.
Trog was pleased with you.
You visited 1 branch of the dungeon, and saw 6 of its levels.

You collected 252 gold pieces.

Inventory:

Hand Weapons
 v - a +0 morningstar (weapon)
Armour
 q - a +0 pair of boots (worn)
 s - a +2 cloak (worn)
 u - a +0 scale mail (worn)
 x - a +0 buckler (worn)
Jewellery
 k - an amulet of reflection (around neck)
Scrolls
 c - 4 scrolls of identify {unknown}
 f - 6 scrolls of teleportation {unknown}
 i - a scroll of poison {unknown}
 n - 3 scrolls of noise {unknown}
 p - a scroll of vulnerability {unknown}
 r - 2 scrolls of blinking {unknown}
Potions
 b - 2 potions of enlightenment {unknown}
 d - 3 potions of heal wounds {unknown}
 e - a potion of magic {unknown}
 g - 3 potions of degeneration {unknown}
 h - a potion of haste {unknown}
 l - 3 potions of curing {unknown}
 m - a potion of invisibility {unknown}
 o - a potion of might {unknown}
 t - a potion of cancellation {unknown}
 w - a potion of ambrosia {unknown}


   Skills:
 + Level 5.6 Fighting
 + Level 6.9 Maces & Flails
 + Level 4.5 Armour
 + Level 4.3 Dodging
 + Level 0.8 Stealth
 + Level 1.8 Shields


You had 6 spell levels left.
You didn't know any spells.
Your spell library was empty.

Dungeon Overview and Level Annotations

Branches:
Dungeon (6/15)             Temple (0/1) D:5

Altars:
Cheibriados
Hepliaklqana
Nemelex Xobeh
Vehumet

Shops:
D:1 ?

Annotations:
D:6 Maggie


Innate Abilities, Weirdness & Mutations

You have a pair of horns on your head.
You reflexively headbutt those who attack you in melee.


Message History

Maggie gives herself a magical halo, but it quickly sputters out.
You block Maggie's attack. Maggie misses you. You furiously retaliate!
You headbutt Maggie! You hit Maggie.
Maggie is severely wounded.
Maggie barely misses you.
You closely miss Maggie.
Maggie is severely wounded.
Maggie casts a spell at you. The bolt of fire hits you!!
Ouch! That really hurt!
You are too injured to fight recklessly!
You are too injured to fight recklessly!
You are too injured to fight recklessly!
You are too injured to fight recklessly!
Unknown command.
You are too injured to fight recklessly!
You are too injured to fight recklessly!
You are too injured to fight recklessly!
You are too injured to fight recklessly!
Unknown command.
Your skin crawls.
You feel strong-willed.
Maggie gestures wildly while chanting.
Maggie draws you further into her thrall.
You puncture Maggie!
Maggie is almost dead.
Maggie casts a spell.
Maggie draws you further into her thrall.
You barely miss Maggie. Your headbutt misses Maggie.
Maggie is almost dead.
Maggie hits you with a +1 scimitar of flaming.
Maggie burns you.
You barely miss Maggie.
Maggie is almost dead.
Maggie hits you with a +1 scimitar of flaming.
Maggie burns you. Maggie gestures at you while chanting.
The bolt of fire hits you!!
You die...

.............#
#######.....####+##....
.....##.....###.......#
..............#?......#
..............+.......#
..............#.......#
..............#...?...#
########'######..@....#
#.).......@.#
#...........#
#...........#
#...........#
#.....##...##
#....##.#.##
#...##.#.## #..##.# #
#.##


You could see Maggie (mesmerising).

Vanquished Creatures
  An ogre (D:5)
  A centaur (D:3)
  2 scorpions
  A howler monkey (D:5)
  A jelly (D:4)
  2 orc priests (D:5)
  2 orc wizards (D:5)
  7 gnolls
  2 adders
  3 dart slugs
  7 orcs
  7 bats
  6 endoplasms
  4 giant cockroaches
  7 goblins
  4 hobgoblins
  4 kobolds
  3 quokkas
  12 ball pythons
  4 frilled lizards (D:1)
  7 rats
87 creatures vanquished.

Notes
Turn   | Place    | Note
-------+----------+-------------------------------------------
     0 | D:1      | n00bmints the Minotaur Berserker began the quest for the
                  | Orb.
     0 | D:1      | Reached XP level 1. HP: 19/19 MP: 0/0
   129 | D:1      | Reached XP level 2. HP: 25/27 MP: 1/1
   154 | D:1      | Reached skill level 4 in Maces & Flails
   232 | D:1      | Found Ypsuedu's Magic Scroll Emporium.
   347 | D:1      | Reached XP level 3. HP: 30/33 MP: 2/2
   633 | D:1      | Reached ** piety under Trog
   983 | D:2      | Found a faded altar of an unknown god.
  1042 | D:2      | Reached XP level 4. HP: 41/41 MP: 3/3
  1375 | D:2      | Found a hazy altar of Hepliaklqana.
  1644 | D:3      | Reached skill level 5 in Maces & Flails
  1786 | D:3      | Noticed a centaur
  1798 | D:3      | Killed a centaur
  1799 | D:3      | Reached XP level 5. HP: 21/47 MP: 4/4
  2024 | D:3      | Found a sparkling altar of Nemelex Xobeh.
  2024 | D:3      | Found a snail-covered altar of Cheibriados.
  2184 | D:4      | Reached skill level 5 in Fighting
  2526 | D:4      | Reached XP level 6. HP: 38/56 MP: 5/5
  2596 | D:4      | Found a radiant altar of Vehumet.
  2790 | D:5      | Entered Level 5 of the Dungeon
  2850 | D:5      | Reached skill level 6 in Maces & Flails
  2850 | D:5      | Reached skill level 1 in Shields
  3052 | D:5      | Reached XP level 7. HP: 61/61 MP: 6/6
  3260 | D:5      | Found a staircase to the Ecumenical Temple.
  3527 | D:6      | Noticed Maggie
  3544 | D:6      | Killed from afar by Maggie

Illustrated notes

Levels and vault maps discovered:
D:1:      dpeg_arrival_tiny_i, layout_loops_ring, serial_shops, shop,
          minmay_box_of_dots
D:2:      layout_basic, basic_altar, nicolae_ecumenical_snake_handling
D:3:      layout_rooms, gammafunk_temple_overflow_wave, saegor_snake_ambush
D:4:      layout_basic, kennysheep_mini, kennysheep_flooded_box,
          chequers_serial_rivers_micro_c
D:5:      layout_loops_ring, minmay_temple_entry_statues, nrook_loot_triangle,
          chequers_serial_rivers_micro_a
D:6:      minmay_inner_zag, layout_gridville, nicolae_shop_i_like_big_books,
          uniq_crazy_yiuf_cottage, uniq_maggie, uniq_prince_ribbit1

Skill      XL: |  1  2  3  4  5  6 |
---------------+-------------------+-----
Fighting       | 4 5 |  5.6
Maces & Flails | 4 5 6 |  6.9
Armour         | 3 4 |  4.5
Dodging        | 3 4 |  4.3
Shields        | 1 |  1.8
Stealth        | |  0.8

Action                     |  1- 3 |  4- 6 |  7- 9 || total
---------------------------+-------+-------+-------++-------
  Melee: Mace              |    64 |    91 |       ||   155
         Headbutt          |     4 |    15 |     8 ||    27
         Flail             |       |    27 |    18 ||    45
         Morningstar       |       |       |    12 ||    12
 Invoke: Trog's Hand       |       |     6 |     3 ||     9
         Berserk           |       |     1 |       ||     1
 Armour: Animal skin       |    11 |       |       ||    11
         Leather armour    |    26 |    78 |       ||   104
         Scale mail        |       |    21 |    10 ||    31
  Dodge: Dodged            |    54 |    79 |     9 ||   142
  Block: Other             |       |    25 |     2 ||    27
         Reflection        |       |     1 |       ||     1
         Buckler           |       |       |     7 ||     7

Table legend: (Time is in decaauts)
 A = Elapsed time spent in this place.
 B = Non-inter-level travel time spent in this place.
 C = Inter-level travel time spent in this place.
 D = Time resting spent in this place.
 E = Time spent auto-exploring this place.
 F = Levels seen in this place.
 G = Mean time per level.
                   A        B        C        D        E       F      G
               +--------+--------+--------+--------+--------+-----+--------+
         Total |   3600 |   3398 |    202 |      0 |   2759 |   6 |  600.0 |
       Dungeon |   3600 |   3398 |    202 |      0 |   2759 |   6 |  600.0 |
               +--------+--------+--------+--------+--------+-----+--------+

Top non-repeatable levels by time:
     D:1: 833 daAuts
     D:2: 794 daAuts
     D:5: 701 daAuts
     D:4: 663 daAuts
     D:3: 549 daAuts
     D:6: 57 daAuts
